 Dungeon Crawl Stone Soup version 0.23.2-30-g0e89c35 (webtiles) character file.

Game seed: 2757186024207094422

752 MatthewW7 the Spear-Bearer (level 7, -5/56 HPs)
             Began as a Merfolk Berserker on June 15, 2019.
             Was a Priest of Trog.
             Killed from afar by Dowan (12 damage)
             ... with a shard of ice
             ... on level 4 of the Dungeon.
             The game lasted 00:11:16 (3982 turns).

MatthewW7 the Spear-Bearer (Merfolk Berserker)      Turns: 3982, Time: 00:11:16

Health: -5/56      AC:  6    Str: 20    XL:     7   Next: 78%
Magic:  7/7        EV: 15    Int:  6    God:    Trog [***...]
Gold:   100        SH:  0    Dex: 13    Spells: 6/6 levels left

rFire    . . .     SeeInvis .   d - +1 trident
rCold    . . .     Gourm    +   (no shield)
rNeg     . . .     Faith    .   b - +2 animal skin
rPois    .         Spirit   .   (no helmet)
rElec    .         Reflect  .   (no cloak)
rCorr    .         Harm     .   (no gloves)
MR       ++...                  (no boots)
Stlth    ++........             f - amulet of the gourmand
HPRegen  1.18/turn              h - +2 ring of protection
MPRegen  0.10/turn              (no ring)

@: lethally poisoned (-5 -> -7), berserk cooldown, regenerating, slowed, very
slow
A: change form in water, swift swim, stealthy swim
a: Berserk, Trog's Hand, Renounce Religion


You were on level 4 of the Dungeon.
You worshipped Trog.
Trog was most pleased with you.
You were full.

You visited 1 branch of the dungeon, and saw 4 of its levels.

You collected 100 gold pieces.

Inventory:

Hand Weapons
 a - a +0 spear
 d - a +1 trident (weapon)
 e - a +2 flail of protection
Armour
 b - a +2 animal skin (worn)
Jewellery
 f - an amulet of the gourmand (around neck)
 h - a +2 ring of protection (left hand)
 k - an uncursed amulet of the acrobat {unknown}
Wands
 l - a wand of polymorph (4)
Potions
 g - a potion of flight {unknown}
Comestibles
 c - 5 rations


   Skills:
 + Level 5.4 Fighting
 + Level 9.4 Polearms
 + Level 1.5 Armour
 + Level 5.4 Dodging
 + Level 2.4 Stealth


You had 6 spell levels left.
You didn't know any spells.
Your spell library was empty.

Dungeon Overview and Level Annotations

Branches:
Dungeon (4/15)
 Temple: D:4-7

Altars:
Cheibriados
Nemelex Xobeh
Okawaru
Ru
Trog

Annotations:
D:4 Dowan


Message History

Your skin crawls.
You feel resistant to hostile enchantments.
You feel somewhat less full.
You feel sick.
The worker ant bites you but does no damage.
Duvessa hits you but does no damage. Dowan completely misses you.
The worker ant bites you.
* * * LOW HITPOINT WARNING * * *
You are more poisoned.
The worker ant poisons you! Duvessa hits you with a +0 short sword.
* * * LOW HITPOINT WARNING * * *
Dowan closely misses you.
You hit Duvessa.
You kill Duvessa!
Trog accepts your kill.
Dowan seems overcome with grief, but rights himself reflexively soon after.
Dowan seems to find hidden reserves of power!
You feel sick. Dowan casts a spell at you. The shard of ice hits you!
You die...

****≈*≈***≈#...........
**,*≈***≈**≈#...........
#,,+≈****≈≈*#.#####.....
#.,**≈≈*##+##..#####....
**#.$*#####...............
**,....#......###.#........
**,,...........###...###....
*,,,........a.......## #####
*,,,......)@<...##.##
*,,,.......e....##.#
*,,,............##.#
*,,<..>>........##.#
**,,...........###.#
**,....#.....## #.# **#####
**########### #.# *,.....
#.#**,**#.. *,*,,,* #..


You could see Dowan and a worker ant.

Vanquished Creatures
  Duvessa (D:4)
  An ogre (D:3)
  A bullfrog skeleton (D:4)
  5 orc priests
  A centaur skeleton (D:4)
  3 orc wizards
  Natasha (twice) (D:3)
  A worker ant (D:4)
  8 adders
  An ooze (D:3)
  4 worms
  3 dart slugs
  3 leopard geckos
  10 orcs
  A ball python (D:3)
  8 giant cockroaches
  8 goblins
  10 hobgoblins
  4 jackals (D:1)
  3 quokkas
  7 bats
  15 frilled lizards
  11 kobolds
  6 rats
117 creatures vanquished.

Notes
Turn   | Place    | Note
-------+----------+-------------------------------------------
     0 | D:1      | MatthewW7 the Merfolk Berserker began the quest for the
                  | Orb.
     0 | D:1      | Reached XP level 1. HP: 18/18 MP: 1/1
   114 | D:1      | Reached XP level 2. HP: 21/24 MP: 2/2
   423 | D:1      | Reached skill level 5 in Polearms
   637 | D:1      | Reached XP level 3. HP: 27/30 MP: 3/3
   660 | D:1      | Reached ** piety under Trog
  1264 | D:2      | Reached XP level 4. HP: 37/37 MP: 4/4
  1274 | D:2      | Found a sparkling altar of Nemelex Xobeh.
  1647 | D:2      | Reached skill level 6 in Polearms
  2041 | D:3      | Noticed an ogre
  2060 | D:3      | Killed an ogre
  2060 | D:3      | Reached skill level 1 in Stealth
  2060 | D:3      | Reached XP level 5. HP: 39/43 MP: 5/5
  2130 | D:3      | Found a sacrificial altar of Ru.
  2224 | D:3      | Reached skill level 7 in Polearms
  2236 | D:3      | Reached XP level 6. HP: 49/49 MP: 6/6
  2625 | D:3      | Found an iron altar of Okawaru.
  2627 | D:3      | Found a snail-covered altar of Cheibriados.
  2790 | D:3      | Reached *** piety under Trog
  2795 | D:3      | Noticed Natasha
  2800 | D:3      | Killed Natasha
  3068 | D:3      | Noticed Natasha
  3074 | D:3      | Killed Natasha
  3109 | D:3      | Reached skill level 5 in Fighting
  3109 | D:3      | Reached skill level 8 in Polearms
  3148 | D:4      | Found a bloodstained altar of Trog.
  3216 | D:4      | Reached XP level 7. HP: 38/56 MP: 7/7
  3631 | D:4      | Reached skill level 5 in Dodging
  3647 | D:4      | Reached skill level 9 in Polearms
  3959 | D:4      | Noticed Dowan
  3961 | D:4      | Noticed Duvessa
  3982 | D:4      | Killed Duvessa
  3982 | D:4      | Killed from afar by Dowan

Skill      XL: |  1  2  3  4  5  6  7 |
---------------+----------------------+-----
Polearms       | 5 6 7 8 9 |  9.4
Dodging        | 3 4 5 |  5.4
Fighting       | 4 5 |  5.4
Stealth        | 1 2 |  2.4
Armour         | |  1.5

Action                   |  1- 3 |  4- 6 |  7- 9 || total
-------------------------+-------+-------+-------++-------
Melee: Spear             |   125 |       |       ||   125
       Trident           |     8 |   237 |    68 ||   313
Invok: Berserk           |     1 |     4 |     3 ||     8
       Trog's Hand       |       |     1 |     2 ||     3
  Use: Scroll            |     4 |     5 |       ||     9
       Potion            |     1 |     1 |     4 ||     6
 Stab: Sleeping          |     1 |     3 |       ||     4
       Invisible         |       |       |     2 ||     2
  Eat: Chunk             |     1 |    21 |     2 ||    24
Armor: Animal skin       |    25 |    57 |    13 ||    95
       Skin              |       |       |    12 ||    12
Dodge: Dodged            |    77 |   182 |    58 ||   317
